AoeStats
← 皮蛋不是蛋

Arena

509881197Analyzed
2v2 RM · 3d ago on Sep 28, 2026· 28m 55s· 4 players
Game mode
Random Map
Map size
Medium (4 player)
Population
200
Speed
Normal
Resources
Standard
Victory
Conquest
Starting age
Dark Age
Ending age
Imperial Age
RankedLock teamsTeams togetherTeam positionsShared explorationLock speedFull tech treeHidden civsTurbo modeCheats
Victory
Defeat
🇹🇷 Malians · Türkiye
1234
+17
🇹🇷 Burgundians · Türkiye
1234
+17
🇧🇷 Saxons · Brazil
1322
-19
🇦🇷 Turks · Argentina
1197
-15
皮蛋不是蛋
4:50 Double-Bit Axe
11:15 Feudal Age
9:47 Horse Collar
12:59 Wheelbarrow
12:38 Bow Saw
12:30 Heavy Plow
12:35 Gold Mining
14:47 Loom
17:29 Castle Age
16:23 Gold Shaft Mining
19:10 Two-Man Saw
19:15 Husbandry
20:11 Light Cavalry
20:13 Cavalier
25:41 Scale Barding Armor
26:42 Chain Barding Armor
花生厚片
11:41 Feudal Age
15:42 Castle Age
14:37 Double-Bit Axe
14:55 Horse Collar
15:42 Gold Mining
17:20 Bow Saw
23:21 Scale Mail Armor
26:11 Wheelbarrow
27:47 Heavy Plow
28:14 Chain Mail Armor
valmircampolino
11:07 Feudal Age
11:29 Feudal Age
15:12 Castle Age
15:02 Double-Bit Axe
16:10 Horse Collar
21:48 Wheelbarrow
23:50 Scale Mail Armor
25:24 Loom
25:54 Hand Cart
29:39 Imperial Age
lenhhoxung
10:54 Feudal Age
12:02 Double-Bit Axe
11:58 Horse Collar
17:34 Castle Age
17:10 Gold Mining
19:07 Stone Mining
24:31 Imperial Age
22:48 Loom
26:36 Padded Archer Armor
27:55 Leather Archer Armor
Connection lost

Rejoining the realm…

Still unreachable

The connection could not be restored.

Session expired

The server has moved on; the page needs a fresh start.